 Dungeon Crawl Stone Soup version 0.27.0-1-g7a089689b8 (webtiles) character file.

Game seed: 7344729595333722261

172 freelancePsychic the Sneak (level 5, -4/35 HPs)
             Began as an Octopode Arcane Marksman on Aug 12, 2021.
             Was a Follower of Vehumet.
             Slain by a water moccasin zombie (6 damage)
             ... on level 4 of the Dungeon.
             The game lasted 00:11:11 (6021 turns).

freelancePsychic the Sneak (OpAM)                   Turns: 6021, Time: 00:11:12

Health: -4/35      AC:  1    Str:  9    XL:     5   Next: 52%
Magic:  7/8        EV: 13    Int: 16    God:    Vehumet [*.....]
Gold:   155        SH:  0    Dex: 13    Spells: 7/8 levels left

rFire    . . .     SeeInvis .   (no weapon)
rCold    . . .     Faith    .   (no shield)
rNeg     . . .     Spirit   .   (helmet restricted)
rPois    .         Reflect  .   (no amulet)
rElec    .         Harm     .   (no ring)
rCorr    .         Rampage  .   (no ring)
Will     .....                  (no ring)
Stlth    ++++......             (no ring)
HPRegen  0.11/turn              (no ring)
MPRegen  0.11/turn              (no ring)
                                (no ring)
                                (no ring)

@: on berserk cooldown, attractive, slowed, very slow
A: almost no armour, amphibious, 8 rings, camouflage 1, gelatinous body 1,
(nimble swimmer 1), tentacles
a: Renounce Religion


You were on level 4 of the Dungeon.
You worshipped Vehumet.
Vehumet was aware of your devotion.
You visited 1 branch of the dungeon, and saw 5 of its levels.

You collected 179 gold pieces.
You spent 24 gold pieces at shops.

Inventory:

Hand Weapons
 a - a +0 hunting sling
Missiles
 n - 68 stones (quivered)
Armour
 o - a +1 buckler
Magical Staves
 k - a staff of fire
Jewellery
 b - an amulet of guardian spirit
Scrolls
 d - a scroll of amnesia
 e - a scroll of noise
 g - a scroll of fear
 i - a scroll of acquirement {unknown}
 j - 2 scrolls of teleportation {@r4}
 m - a scroll of brand weapon


   Skills:
 + Level 2.5 Fighting
 - Level 2.1 Slings
 - Level 2.0 Dodging
 - Level 4.3 Stealth
 - Level 2.3 Spellcasting
 * Level 1.5 Conjurations
 - Level 3.0 Hexes


You had 7 spell levels left.
You knew the following spells:

 Your Spells              Type           Power      Damage    Failure   Level
a - Shock                 Conj/Air       16%        1d4       14%         1

Your spell library contained the following spells:

 Spells                   Type           Power      Damage    Failure   Level
 Corona                   Hex            12%        N/A       6%          1
 Slow                     Hex            11%        N/A       9%          2
 Ensorcelled Hibernation  Hex/Ice        12%        N/A       16%         2
 Tukima's Dance           Hex            11%        N/A       17%         3
 Inner Flame              Hex/Fire       6%         N/A       32%         3
 Portal Projectile        Hex/Tloc       12%        N/A       32%         3
 Cause Fear               Hex            5%         N/A       50%         4


Dungeon Overview and Level Annotations

Branches:
Dungeon (5/15)
 Temple: D:4-7

Altars:
Cheibriados
Kikubaaqudgha
Nemelex Xobeh
Vehumet
Yredelemnul

Shops:
D:3 *

Annotations:
D:2 1 runed translucent door, Crazy Yiuf
D:3 3 runed translucent doors, rjrrt's ghost, amateur MiMo
D:4 exclusion: phantom, Robin


Innate Abilities, Weirdness & Mutations

You cannot wear most types of armour.
You are amphibious.
You can wear up to eight rings at the same time.
Your skin changes colour to match your surroundings (Stealth+).
Your rubbery body absorbs attacks. (AC +1, EV +1)
((You are camouflaged near water. (Stealth+)))
You have tentacles for arms and can constrict up to eight enemies at once.


Message History

You feel yourself slow down. The dart slug closely misses you.
You tentacle-slap the dart slug. You grab the dart slug.
You squeeze the dart slug.
The dart slug is moderately wounded.
You constrict the dart slug. The dart slug barely misses you.
You tentacle-slap the dart slug but do no damage.
The dart slug is severely wounded.
You constrict the dart slug. The dart slug launches a dart at you.
The slug dart misses you.
You tentacle-slap the dart slug but do no damage.
The dart slug is almost dead.
You constrict the dart slug.
You kill the dart slug!
Vehumet accepts your kill. The phantom hits you.
Things that are here:
a +0 spear; a ring of protection from fire; a gnoll corpse The phantom hits you but does no damage.
Things that are here:
a +0 club; a +0 chain mail You see here a +0 whip.
The phantom hits you.
There is a stone staircase leading up here.
The phantom hits you.
You climb upwards.
Level annotation: exclusion: phantom, Robin The water moccasin zombie closely misses you.
The water moccasin zombie bites you.
* * * LOW HITPOINT WARNING * * *
The water moccasin zombie bites you!
* * * LOW HITPOINT WARNING * * *
There is a stone staircase leading down, spattered with blood here.
The water moccasin zombie bites you but does no damage.
The water moccasin zombie misses you. The phantom barely misses you.
It was a potion of attraction.
You feel attractive to monsters. The water moccasin zombie bites you.
You die...

## ### ####.##.# .........
........# ###############..
#................ ######
#.#######.#.##### #....####.#
#.#...... #....##.@.# #.#######
###....##Z#########.#######
....((((..(..>........#......##
((.####(......(.......######.#
#........(...... #.#
#.........###.... #.#
#...##....# ... #.##
#...##..### .. #... ######...
####


You could see a water moccasin zombie.

Vanquished Creatures
  A bullfrog zombie (D:3)
  4 adders
  3 gnolls (D:5)
  2 dart slugs
  6 orcs
  4 endoplasms
  2 giant cockroaches
  8 goblins
  9 hobgoblins
  7 jackals
  2 quokkas (D:2)
  2 ball pythons
  A ball python zombie (D:3)
  4 bats
  2 frilled lizards
  A quokka skeleton (D:4)
  A quokka zombie (D:3)
  2 rats
61 creatures vanquished.

Vanquished Creatures (others)
  4 fungi (D:3)
4 creatures vanquished.

Grand Total: 65 creatures vanquished

Notes
Turn   | Place    | Note
-------+----------+-------------------------------------------
     0 | D:1      | freelancePsychic the Octopode Arcane Marksman began the
                  | quest for the Orb.
     0 | D:1      | Reached XP level 1. HP: 13/13 MP: 2/2
   478 | D:1      | Reached skill level 1 in Stealth
   510 | D:1      | Reached XP level 2. HP: 18/18 MP: 3/3
   815 | D:2      | You fall into a shaft and drop 1 floor!
   815 | D:3      | Found a radiant altar of Vehumet.
   835 | D:3      | Became a worshipper of Vehumet
  1029 | D:2      | Reached skill level 2 in Stealth
  1162 | D:2      | Found a faded altar of an unknown god.
  1174 | D:2      | Reached XP level 3. HP: 24/24 MP: 4/4
  1533 | D:2      | Found a runed translucent door.
  1534 | D:2      | Noticed Crazy Yiuf
  2123 | D:3      | Reached skill level 3 in Stealth
  2123 | D:3      | Reached XP level 4. HP: 8/29 MP: 5/7
  2421 | D:3      | Found a runed translucent gate.
  2421 | D:3      | Found a runed translucent gate.
  2421 | D:3      | Found a runed translucent gate.
  2421 | D:3      | Noticed rjrrt's ghost (amateur MiMo)
  2425 | D:3      | Found a basalt altar of Yredelemnul.
  2673 | D:3      | Found a snail-covered altar of Cheibriados.
  2688 | D:3      | Found an ancient bone altar of Kikubaaqudgha.
  2870 | D:3      | Found Jaij's Assorted Antiques.
  2887 | D:3      | Bought a scroll labelled HAHOMO IHOMOE for 24 gold pieces
  3161 | D:3      | Found a sparkling altar of Nemelex Xobeh.
  3176 | D:3      | Reached skill level 4 in Stealth
  3959 | D:3      | Reached * piety under Vehumet
  3959 | D:3      | Offered knowledge of Shock by Vehumet.
  3968 | D:3      | Reached XP level 5. HP: 10/34 MP: 8/8
  4258 | D:3      | Learned a level 1 spell: Shock
  4854 | D:4      | Noticed Robin
  5094 | D:4      | Noticed a phantom
  5170 | D:5      | Entered Level 5 of the Dungeon
  6000 | D:5      | Reached skill level 1 in Conjurations
  6009 | D:5      | Noticed a phantom
  6021 | D:4      | Slain by a water moccasin zombie

Illustrated notes

Levels and vault maps discovered:
D:1:      zelgadis_glass_arrival_small, layout_basic
D:2:      layout_loops_ring, shapermc_ecumenical_altar_starsandcircs,
          uniq_crazy_yiuf_cottage
D:3:      layout_basic, mainiacjoe_overflow_alcove_4,
          nemelex_xobeh_ov_fountains_minmay, nicolae_yredelemnul_ghost_church,
          mainiacjoe_overflow_cross_hatched, nicolae_vehumet_altar_sigil,
          serial_shops, nicolae_shop_waterfront
D:4:      layout_basic, makhleb_altar_promises_db, uniq_robin
D:5:      layout_basic, hangedman_ru_absence, uniq_grinder

Skill      XL: |  1  2  3  4  5 |
---------------+----------------+-----
Stealth        | 1 2 3 4 |  4.3
Spellcasting   | 2 |  2.3
Fighting       | 2 |  2.5
Conjurations   | 1 |  1.5
Slings         | |  2.1
Dodging        | |  2.0
Hexes          | |  3.0

Action                   |  1- 3 |  4- 6 || total
-------------------------+-------+-------++-------
Melee: Unarmed           |    41 |    86 ||   127
       Tentacles         |    10 |    18 ||    28
       Constrict         |    10 |    23 ||    33
 Fire: Hunting sling     |    71 |    66 ||   137
 Cast: Shock             |       |     6 ||     6
  Use: Scroll            |     1 |     7 ||     8
       Potion            |       |     4 ||     4
 Stab: Sleeping          |     1 |     2 ||     3
Armor: Skin              |     6 |    13 ||    19
Dodge: Dodged            |    56 |    88 ||   144
